BSA
TORONTO TITANS @ AUSTIN RIVER SHARKS
08/01/2024
 
TOP OF THE 1ST
Toronto Titans batting - Pitching for Austin River Sharks : LHP Carlos López
Pitching: LHP Carlos López
Batting: SHB Ryobe Yamamoto 0-0: Fly out, F7 (Flyball, 78D)
Batting: RHB Gilberto López 0-0: Swinging Strike
0-1: Ball
1-1: Swinging Strike
1-2: Ball
2-2: Ground out 6-3 (Groundball, 6)
Batting: LHB Jorge Martínez 0-0: Ball
1-0: Foul Ball, location: 2F
1-1: Foul Ball, location: 2F
1-2: Ball
2-2: Ball
3-2: Fly out, F7 (Line Drive, 78M)
Top of the 1st over - 0 run(s), 0 hit(s), 0 error(s), 0 left on base; Toronto 0 - Austin 0
BOTTOM OF THE 1ST
Austin River Sharks batting - Pitching for Toronto Titans : RHP Arturo Medrano
Pitching: RHP Arturo Medrano
Batting: RHB Clark Hodge 0-0: Swinging Strike
0-1: Ball
1-1: Fly out, F8 (Flyball, 8LM)
Batting: RHB Kenneth Roberts 0-0: Ground out 6-3 (Groundball, 6M)
Batting: LHB Pedro Zaragoza 0-0: Foul Ball, location: 2F
0-1: Ball
1-1: Swinging Strike
1-2: SINGLE (Flyball, 7S)
Batting: LHB Roberto García 0-0: Fielders Choice at 2nd, U6 (Groundball, 6M)
Bottom of the 1st over - 0 run(s), 1 hit(s), 0 error(s), 1 left on base; Toronto 0 - Austin 0
TOP OF THE 2ND
Toronto Titans batting - Pitching for Austin River Sharks : LHP Carlos López
Batting: RHB Matt Doyle 0-0: Called Strike
0-1: Ball
1-1: Ground out 6-3 (Groundball, 6)
Batting: LHB Lewis Barr 0-0: Ball
1-0: SINGLE (Line Drive, 6M)
Batting: LHB José Rodríguez 0-0: Ball
1-0: DOUBLE (Groundball, 3L)
Lewis Barr to third
Batting: LHB Kent MacDulothe 0-0: Swinging Strike
0-1: Swinging Strike
0-2: Strikes out swinging
Batting: RHB Cris Fuentes 0-0: Ball
1-0: Fly out, F7 (Line Drive, 78M)
Top of the 2nd over - 0 run(s), 2 hit(s), 0 error(s), 2 left on base; Toronto 0 - Austin 0
BOTTOM OF THE 2ND
Austin River Sharks batting - Pitching for Toronto Titans : RHP Arturo Medrano
Batting: SHB Juan Castro 0-0: Ball
1-0: Ball
2-0: Called Strike
2-1: SINGLE (Line Drive, 56D)
Batting: RHB Rich Ruffin 0-0: Ball
1-0: Ball
2-0: Called Strike
2-1: DOUBLE (Flyball, 89D)
Juan Castro to third
Batting: LHB Terry Maloney 0-0: Ball
1-0: Ball
2-0: Ground out 5-3 (Groundball, 5)
Batting: RHB Edouard Padovano 0-0: Ball
1-0: Ground out 6-3 (Groundball, 56)
Juan Castro scores
Batting: RHB José Balina 0-0: DOUBLE (Line Drive, 5)
Rich Ruffin scores
Batting: RHB Clark Hodge 0-0: Swinging Strike
0-1: Ball
1-1: Swinging Strike
1-2: Ball
2-2: Strikes out swinging wild pitch, reaches first!
José Balina to third
Batting: RHB Kenneth Roberts 0-0: Swinging Strike
0-1: Ball
1-1: Called Strike
1-2: Fly out, F5 (Popup, 5F)
Bottom of the 2nd over - 2 run(s), 3 hit(s), 0 error(s), 2 left on base; Toronto 0 - Austin 2
TOP OF THE 3RD
Toronto Titans batting - Pitching for Austin River Sharks : LHP Carlos López
Batting: LHB Anacleto Morillo 0-0: Fly out, F9 (Flyball, 89XD)
Batting: SHB Ryobe Yamamoto 0-0: Ball
1-0: Fly out, F8 (Line Drive, 8LS)
Batting: RHB Gilberto López 0-0: Foul Ball, location: 2F
0-1: Swinging Strike
0-2: Ball
1-2: Ball
2-2: Strikes out looking
Top of the 3rd over - 0 run(s), 0 hit(s), 0 error(s), 0 left on base; Toronto 0 - Austin 2
BOTTOM OF THE 3RD
Austin River Sharks batting - Pitching for Toronto Titans : RHP Arturo Medrano
Batting: LHB Pedro Zaragoza 0-0: Ball
1-0: Ground out 6-3 (Groundball, 6)
Batting: LHB Roberto García 0-0: Called Strike
0-1: Called Strike
0-2: SINGLE (Line Drive, 34)
Batting: SHB Juan Castro 0-0: Ball
1-0: Foul Ball, location: 2F
1-1: Grounds into double play, 1-6-3 (Groundball, 23)
Bottom of the 3rd over - 0 run(s), 1 hit(s), 0 error(s), 0 left on base; Toronto 0 - Austin 2
TOP OF THE 4TH
Toronto Titans batting - Pitching for Austin River Sharks : LHP Carlos López
Batting: LHB Jorge Martínez 0-0: Ball
1-0: Swinging Strike
1-1: Ball
2-1: Swinging Strike
2-2: Foul Ball, location: 2F
2-2: Ball
3-2: SINGLE (Groundball, 13) (infield hit)
Batting: RHB Matt Doyle 0-0: Ball
1-0: Foul Ball, location: 2F
1-1: Called Strike
1-2: Ball
2-2: Foul Ball, location: 2F
2-2: SINGLE (Groundball, 34D)
Jorge Martínez to second
Runner from 2nd tries for 3rd, SAFE, throw made to third
Batting: LHB Lewis Barr 0-0: Called Strike
0-1: Foul Ball, location: 2F
0-2: Fly out, F8 (Line Drive, 8LD)
Runner from 3rd tags up, SCORES, no throw
Batting: LHB José Rodríguez 0-0: Grounds into double play, 1-4-3 (Groundball, 15)
Top of the 4th over - 1 run(s), 2 hit(s), 0 error(s), 0 left on base; Toronto 1 - Austin 2
BOTTOM OF THE 4TH
Austin River Sharks batting - Pitching for Toronto Titans : RHP Arturo Medrano
Batting: RHB Rich Ruffin 0-0: Ball
1-0: Ball
2-0: Ball
3-0: Base on Balls
Batting: LHB Terry Maloney 0-0: Ball
1-0: Ball
2-0: Foul Ball, location: 2F
2-1: DOUBLE (Groundball, 5L)
Rich Ruffin to third
Batting: RHB Edouard Padovano 0-0: Ball
1-0: Ball
2-0: SINGLE (Groundball, 56)
Rich Ruffin scores
Terry Maloney to third
Batting: RHB José Balina 0-0: Called Strike
0-1: Ball
1-1: Ball
2-1: Fly out, F4 (Popup, 9S)
Batting: RHB Clark Hodge 0-0: Swinging Strike
0-1: Swinging Strike
0-2: Foul Ball, location: 2F
0-2: Ball
Wild Pitch!
Terry Maloney scores
Edouard Padovano to second
1-2: Strikes out swinging
Batting: RHB Kenneth Roberts 0-0: Called Strike
0-1: Ground out 5-3 (Groundball, 56)
Bottom of the 4th over - 2 run(s), 2 hit(s), 0 error(s), 1 left on base; Toronto 1 - Austin 4
TOP OF THE 5TH
Toronto Titans batting - Pitching for Austin River Sharks : LHP Carlos López
Batting: LHB Kent MacDulothe 0-0: SOLO HOME RUN (Line Drive, 7LD), Distance : 373 ft
Batting: RHB Cris Fuentes 0-0: Ball
1-0: Ball
2-0: DOUBLE (Line Drive, 78D)
Batting: LHB Anacleto Morillo 0-0: Ball
1-0: Foul Ball, location: 2F
1-1: Ground out 6-3 (Groundball, 6)
Batting: SHB Ryobe Yamamoto 0-0: Foul Ball, location: 2F
0-1: SINGLE (Groundball, 34D) (infield hit)
Cris Fuentes to third
Batting: RHB Gilberto López 0-0: Ball
Ryobe Yamamoto steals 2nd base
1-0: Called Strike
1-1: Ball
2-1: Ball
3-1: Swinging Strike
3-2: Base on Balls
Batting: LHB Jorge Martínez 0-0: Foul Ball, location: 2F
0-1: Ball
1-1: Ball
2-1: Foul Ball, location: 2F
2-2: Grounds into double play, 6-4-3 (Groundball, 6)
Top of the 5th over - 1 run(s), 3 hit(s), 0 error(s), 2 left on base; Toronto 2 - Austin 4
BOTTOM OF THE 5TH
Austin River Sharks batting - Pitching for Toronto Titans : RHP Arturo Medrano
Batting: LHB Pedro Zaragoza 0-0: Called Strike
0-1: Ball
1-1: Foul Ball, location: 2F
1-2: Ball
2-2: Ball
3-2: Ground out 6-3 (Groundball, 6M)
Batting: LHB Roberto García 0-0: SINGLE (Groundball, 4MD)
Batting: SHB Juan Castro 0-0: Ball
1-0: Fly out, F7 (Flyball, 7S)
Batting: RHB Rich Ruffin 0-0: Ball
1-0: Called Strike
1-1: DOUBLE (Line Drive, 89D)
Roberto García to third
Runner from 3rd tries for Home, SAFE, no throw or cutoff
Batting: LHB Terry Maloney 0-0: Ground out 4-3 (Groundball, 4)
Bottom of the 5th over - 1 run(s), 2 hit(s), 0 error(s), 1 left on base; Toronto 2 - Austin 5
TOP OF THE 6TH
Toronto Titans batting - Pitching for Austin River Sharks : LHP Carlos López
Batting: RHB Matt Doyle 0-0: Foul Ball, location: 2F
0-1: Foul Ball, location: 2F
0-2: Foul Ball, location: 2F
0-2: Ball
1-2: Strikes out swinging
Batting: LHB Lewis Barr 0-0: Called Strike
0-1: Fly out, F8 (Flyball, 89M)
Batting: LHB José Rodríguez 0-0: Ball
1-0: Swinging Strike
1-1: Ball
2-1: Swinging Strike
2-2: Foul Ball, location: 2F
2-2: Ball
3-2: SINGLE (Line Drive, 4M)
Batting: LHB Kent MacDulothe 0-0: Ball
1-0: Ball
2-0: Ball
3-0: Base on Balls
José Rodríguez to second
Batting: RHB Cris Fuentes 0-0: Swinging Strike
0-1: Ball
1-1: Ball
2-1: Ground out 2-3 (Groundball, 23)
Top of the 6th over - 0 run(s), 1 hit(s), 0 error(s), 2 left on base; Toronto 2 - Austin 5
BOTTOM OF THE 6TH
Austin River Sharks batting - Pitching for Toronto Titans : RHP Arturo Medrano
Batting: RHB Edouard Padovano 0-0: Fly out, F8 (Flyball, 8RXD)
Batting: RHB José Balina 0-0: Called Strike
0-1: Ball
1-1: Foul Ball, location: 2F
1-2: Fly out, F9 (Flyball, 9M)
Batting: RHB Clark Hodge 0-0: Swinging Strike
0-1: Foul Ball, location: 2F
0-2: Fly out, F8 (Flyball, 8LD)
Bottom of the 6th over - 0 run(s), 0 hit(s), 0 error(s), 0 left on base; Toronto 2 - Austin 5
TOP OF THE 7TH
Toronto Titans batting - Pitching for Austin River Sharks : LHP Carlos López
Pitching: RHP Pedro Magana
Batting: LHB Anacleto Morillo 0-0: Ball
1-0: Ground out 4-3 (Groundball, 4)
Batting: SHB Ryobe Yamamoto 0-0: SINGLE (Groundball, 4MD) (infield hit)
Batting: RHB Gilberto López 0-0: Ball
Ryobe Yamamoto is caught stealing 2nd base
1-0: Ground out 6-3 (Groundball, 6M)
Top of the 7th over - 0 run(s), 1 hit(s), 0 error(s), 0 left on base; Toronto 2 - Austin 5
BOTTOM OF THE 7TH
Austin River Sharks batting - Pitching for Toronto Titans : RHP Arturo Medrano
Batting: RHB Kenneth Roberts 0-0: Foul Ball, location: 2F
0-1: Fly out, F6 (Popup, 6)
Batting: LHB Pedro Zaragoza 0-0: Ball
1-0: Called Strike
1-1: Foul Ball, location: 2F
1-2: Fly out, F8 (Flyball, 8RXD)
Batting: LHB Roberto García 0-0: Ball
1-0: Foul Ball, location: 2F
1-1: Called Strike
1-2: DOUBLE (Line Drive, 8RXD)
Batting: SHB Juan Castro 0-0: Ball
1-0: Ball
2-0: Called Strike
2-1: Ball
3-1: Called Strike
3-2: Base on Balls
Batting: RHB Rich Ruffin 0-0: Ball
1-0: Called Strike
1-1: Ball
2-1: Ball
3-1: SINGLE (Line Drive, 34D)
Roberto García to third
Juan Castro to second
Pitching: RHP Pablo Cabral
Batting: LHB Terry Maloney 0-0: Ball
1-0: Fly out, F9 (Flyball, 9D)
Bottom of the 7th over - 0 run(s), 2 hit(s), 0 error(s), 3 left on base; Toronto 2 - Austin 5
TOP OF THE 8TH
Toronto Titans batting - Pitching for Austin River Sharks : RHP Pedro Magana
Batting: LHB Jorge Martínez 0-0: Called Strike
0-1: Ball
1-1: Ground out U3 (Groundball, 3)
Batting: RHB Matt Doyle 0-0: Ball
1-0: Ball
2-0: Ground out U3 (Groundball, 3S)
Batting: LHB Lewis Barr 0-0: Called Strike
0-1: Ground out 5-3 (Groundball, 5L)
Top of the 8th over - 0 run(s), 0 hit(s), 0 error(s), 0 left on base; Toronto 2 - Austin 5
BOTTOM OF THE 8TH
Austin River Sharks batting - Pitching for Toronto Titans : RHP Pablo Cabral
Batting: RHB Edouard Padovano 0-0: Ball
1-0: Called Strike
1-1: Ground out 5-3 (Groundball, 5S)
Batting: RHB José Balina 0-0: Called Strike
0-1: Swinging Strike
0-2: Ball
1-2: Strikes out swinging
Batting: RHB Clark Hodge 0-0: Called Strike
0-1: Fly out, F4 (Popup, 4MD)
Bottom of the 8th over - 0 run(s), 0 hit(s), 0 error(s), 0 left on base; Toronto 2 - Austin 5
TOP OF THE 9TH
Toronto Titans batting - Pitching for Austin River Sharks : RHP Pedro Magana
Pitching: RHP Daniel Morris
Batting: LHB José Rodríguez 0-0: Foul Ball, location: 2F
0-1: Ball
1-1: Ball
2-1: Ball
3-1: Called Strike
3-2: Fly out, F8 (Flyball, 8LD)
Batting: LHB Kent MacDulothe 0-0: Swinging Strike
0-1: Ball
1-1: Foul Ball, location: 2F
1-2: Foul Ball, location: 2F
1-2: Strikes out swinging
Batting: RHB Cris Fuentes 0-0: Ball
1-0: Ball
2-0: SINGLE (Groundball, 56D)
Batting: LHB Anacleto Morillo 0-0: Swinging Strike
0-1: Called Strike
0-2: Foul Ball, location: 2F
0-2: Ball
1-2: Ground out 4-3 (Groundball, 4)
Top of the 9th over - 0 run(s), 1 hit(s), 0 error(s), 1 left on base; Toronto 2 - Austin 5
This league is powered by Out of the Park Baseball, the baseball management simulation game for PC, Mac and Linux
Saturday, April 9th, 2016 - OOTP Baseball 16.8 Build 38